 Dungeon Crawl Stone Soup version 0.19-a0-320-gcfc3c9c (webtiles) character file.

51 Steelers13 the Skirmisher (level 3, -2/34 HPs)
             Began as a Minotaur Berserker on May 26, 2016.
             Was a Follower of Trog.
             Slain by a gnoll
             ... wielding a +0 whip
              (4 damage)
             ... on level 3 of the Dungeon on May 28, 2016.
             The game lasted 00:15:07 (2104 turns).

Steelers13 the Skirmisher (Minotaur Berserker)      Turns: 2104, Time: 00:15:08

Health: -2/34      AC:  6    Str: 22    XL:     3   Next: 57%
Magic:  2/2        EV: 10    Int:  4    God:    Trog [*.....]
Gold:   191        SH:  0    Dex:  9    Spells: 0 memorised, 2 levels left

rFire  . . .     SeeInvis .     k - +0 short sword
rCold  . . .     Gourm    .     n - +0 scale mail
rNeg   . . .     Faith    .     (no shield)
rPois  .         Spirit   .     (helmet restricted)
rElec  .         Dismiss  .     (no cloak)
rCorr  .         Reflect  .     (no gloves)
SustAt .         Harm     .     (no boots)
MR     +....                    (no amulet)
Stlth  ..........               (no ring)
                                d - ring of protection from magic

@: somewhat resistant to hostile enchantments, extremely unstealthy
A: retaliatory headbutt, horns 2
a: Berserk, Burn Spellbooks, Renounce Religion


You were on level 3 of the Dungeon.
You worshipped Trog.
Trog was aware of your devotion.
You were hungry.

You visited 1 branch of the dungeon, and saw 3 of its levels.

You collected 191 gold pieces.

Inventory:

Hand Weapons
 a - a +0 falchion
 h - a +0 spear
 i - a +0 short sword
 k - a +0 short sword (weapon)
 m - a +0 hand axe
 v - a +0 spear
 w - a +0 short sword
Armour
 b - a +0 animal skin
 l - a +0 leather armour
 n - a +0 scale mail (worn)
 u - a +0 ring mail
Jewellery
 d - a ring of protection from magic (left hand)
Scrolls
 e - a scroll of remove curse {unknown}
 p - a scroll of random uselessness {unknown}
 q - 3 scrolls of amnesia {unknown}
 r - a scroll of immolation {unknown}
 x - a scroll of enchant armour {unknown}
Potions
 f - a potion of magic {unknown}
 g - a potion of lignification {unknown}
 j - a potion of agility {unknown}
 t - a potion of ambrosia {unknown}
 z - a potion of resistance {unknown}
Comestibles
 c - 3 bread rations
 o - 3 slices of pizza


   Skills:
 + Level 4.3 Fighting
 + Level 0.2(2.3) Short Blades
 + Level 4.2 Long Blades
 + Level 3.0 Armour
 + Level 2.6 Dodging


You had 2 spell levels left.
You didn't know any spells.

Dungeon Overview and Level Annotations

Branches:
Dungeon (3/15)

Altars:
Elyvilon
Xom


Innate Abilities, Weirdness & Mutations

You reflexively headbutt those who attack you in melee.
You have a pair of horns on your head.


Message History

* * * LOW HITPOINT WARNING * * *
The gnoll hits you but does no damage. The gnoll barely misses you.
You furiously retaliate!
You headbutt the gnoll. The rat misses you.
You closely miss the gnoll.
The gnoll is severely wounded.
The gnoll hits you with a whip.
* * * LOW HITPOINT WARNING * * *
The gnoll misses you. The gnoll completely misses you.
The rat bites you but does no damage.
You barely miss the gnoll.
The gnoll is severely wounded.
The gnoll hits you with a whip.
* * * LOW HITPOINT WARNING * * *
The gnoll hits you from afar with a spear.
* * * LOW HITPOINT WARNING * * *
The gnoll barely misses you. The rat bites you but does no damage.
You closely miss the gnoll.
The gnoll is severely wounded.
The gnoll hits you with a whip.
You die...

# #.
#.###########
###..lr@.......
...$..gg.##.#.#
#....g.g.##.#
#.#.........#
............#
#.#........## #
#.##...### #.
#.<.# # ##.##


You could see 4 gnolls, a giant gecko and a rat.

Vanquished Creatures
  3 adders (D:2)
  A worm (D:2)
  A giant gecko (D:1)
  4 bats
  3 giant cockroaches
  3 goblins
  A hobgoblin (D:1)
  2 kobolds (D:1)
  4 rats
22 creatures vanquished.

Notes
Turn   | Place    | Note
--------------------------------------------------------------
     0 | D:1      | Steelers13 the Minotaur Berserker began the quest for the Orb.
     0 | D:1      | Reached XP level 1. HP: 19/19 MP: 0/0
   659 | D:1      | Upgraded the game from 0.19-a0-261-g60b6c46 to 0.19-a0-320-gcfc3c9c
   836 | D:1      | Reached XP level 2. HP: 12/27 MP: 1/1
  1188 | D:2      | Found a white marble altar of Elyvilon.
  1497 | D:2      | Found a shimmering altar of Xom.
  1605 | D:2      | Reached XP level 3. HP: 29/34 MP: 2/2
  2104 | D:3      | Slain by a gnoll

Vault maps used:
D:1:      onia_arrival_pyramid
D:2:      lemuel_crystal_altar, elyvilon_altar_1
D:3:      lemuel_crystal_altar, minitemple, first_bread, uniq_grinder

Skill      XL: |  1  2  3 |
---------------+----------+-----
Fighting       | 4 |  4.3
Long Blades    | 4 |  4.2
Armour         | 3 |  3.0
Short Blades   | |  0.2
Dodging        | |  2.6

Action                   || total
-------------------------++-------
Melee: Falchion          ||    10
       Short sword       ||    43
       Headbutt          ||    10
  Eat: Chunk             ||     3
Armor: Animal skin       ||     3
       Scale mail        ||    28
Dodge: Dodged            ||    50
